 Dungeon Crawl Stone Soup version 0.31-a0-237-g2d982f9f85 (webtiles) character file.

Game seed: 12611120259853277084

44 qw the Shooter (level 3, -1/29 HPs)
             Began as a Minotaur Hexslinger on July 11, 2023.
             Slain by Terence
             ... wielding a +0 mace
              (3 damage)
             ... on level 3 of the Dungeon.
             The game lasted 00:00:31 (1595 turns).

qw the Shooter (Minotaur Hexslinger)                Turns: 1595, Time: 00:00:32

Health: -1/29      AC:  7    Str: 12    XL:     3   Next: 39%
Magic:  3/3        EV: 12    Int: 10    God:
Gold:   68         SH:  0    Dex: 14    Spells: 3/4 levels left

rFire   . . .        Y - +1 sling
rCold   . . .        (no shield)
rNeg    . . .        h - +3 leather armour
rPois   +            (helmet restricted)
rElec   .            a - +0 cloak {rPois}
rCorr   .            (no gloves)
SInv    .            (no boots)
Will    .....        (no amulet)
Stlth   +            (no ring)
HPRegen 0.24/turn    (no ring)
MPRegen 0.08/turn

%: no passive effects
@: no status effects
A: horns 2, retaliatory headbutt
a: no special abilities


You were on level 3 of the Dungeon.
You visited 1 branch of the dungeon, and saw 3 of its levels.

You collected 68 gold pieces.


Innate Abilities, Weirdness & Mutations

You have a pair of horns on your head.
You reflexively headbutt those who attack you in melee.


   Skills:
 - Level 2.0 Fighting
 + Level 4.0 Ranged Weapons
 - Level 2.1 Dodging
 - Level 1.0 Spellcasting
 - Level 2.0 Hexes


You had 3 spell levels left.
You knew the following spells:

 Your Spells              Type           Power      Damage    Failure   Level
a - Slow                  Hex            16%        N/A       19%         1

Your spell library contained the following spells:

 Spells                   Type           Power      Damage    Failure   Level
 Inner Flame              Hex/Fire       2%         N/A       65%         3
 Portal Projectile        Hex/Tloc       4%         N/A       65%         3
 Cause Fear               Hex            2%         N/A       88%         4

Inventory:

Hand Weapons
 Y - a +1 sling (weapon)
Armour
 a - a +0 cloak of poison resistance (worn)
 h - a +3 leather armour (worn)
Potions
 b - a potion of heal wounds {unknown}
 c - a potion of attraction {unknown}
 d - a potion of resistance {unknown}
 e - a potion of might {unknown}
 f - a potion of degeneration {unknown}

Dungeon Overview and Level Annotations

Branches:
Dungeon (3/15)

Altars:

Shops:
D:1 ?

Annotations:
D:3 Terence


Message History

Found an escape hatch in the ceiling.
Terence the Incautious comes into view.
He is wielding a +0 mace.
Enter note:
Enter note: You shoot a sling bullet.
The sling bullet hits Terence but does no damage.
You shoot a sling bullet.
The sling bullet closely misses Terence.
You shoot a sling bullet. The sling bullet hits Terence.
Terence is lightly wounded.
You shoot a sling bullet.
The sling bullet completely misses Terence.
You shoot a sling bullet.
The sling bullet closely misses Terence.
Terence drinks a potion.
Terence goes berserk!
You shoot a sling bullet. The sling bullet barely misses Terence.
Terence hits you with a +0 mace.
You shoot a sling bullet.
The sling bullet hits Terence but does no damage.
Terence is lightly wounded.
Terence hits you with a +0 mace. Terence barely misses you.
You furiously retaliate!
You headbutt Terence. You shoot a sling bullet.
The sling bullet closely misses Terence.
Terence hits you with a +0 mace. Terence closely misses you.
You furiously retaliate!
You headbutt Terence! You shoot a sling bullet.
The sling bullet completely misses Terence.
Terence hits you with a +0 mace. Terence barely misses you.
You shoot a sling bullet. The sling bullet hits Terence.
Terence is severely wounded.
Terence closely misses you. Terence hits you but does no damage.
You shoot a sling bullet. The sling bullet hits Terence!
Terence is almost dead.
Terence barely misses you. Terence closely misses you.
You shoot a sling bullet.
The sling bullet hits Terence but does no damage.
Terence is almost dead.
Terence hits you with a +0 mace! Terence hits you with a +0 mace.
You die...

#.###.#.# ..# #.#.....#
#.# ######.#.#.### ...
.............. #.#
.#####.#..#### #....#
#.#....# +.#.# #.#.##.#
#@..# #.#.##.#
#.##+##@## #.#.##.#
.........#######.#.##.##
#.#.#.#.#..........##...
#.....######.#######
####### ###


You could see Terence (berserk).

Vanquished Creatures
  An adder (D:2)
  A worm (D:2)
  2 bats (D:1)
  An endoplasm (D:2)
  2 giant cockroaches
  A goblin (D:1)
  4 hobgoblins
  3 jackals (D:3)
  2 quokkas (D:1)
  5 ball pythons (D:1)
  A frilled lizard (D:1)
  3 kobolds (D:2)
  7 rats
33 creatures vanquished.

Notes
Turn   | Place    | Note
-------+----------+-------------------------------------------
     0 | D:1      | qw the Minotaur Hexslinger began the quest for the Orb.
     0 | D:1      | Reached XP level 1. HP: 16/16 MP: 1/1
     0 | D:1      | 0 ||| qw: Version: 0.3-a-52-g30416fa
     0 | D:1      | 0 ||| qw: Game counter: 5875
     0 | D:1      | 0 ||| qw: Melee chars always use a shield: true
     0 | D:1      | 0 ||| qw: God list: Okawaru
     0 | D:1      | 0 ||| qw: Allow faded altars: false
     0 | D:1      | 0 ||| qw: Do Orc after clearing Dungeon:15 true
     0 | D:1      | 0 ||| qw: Do second Lair branch before Depths: true
     0 | D:1      | 0 ||| qw: Lair rune preference: random
     0 | D:1      | 0 ||| qw: Goals: Normal
     0 | D:1      | 0 ||| PLANNING D:1-11
   238 | D:1      | Found Veomoopn's Magic Scroll Boutique.
   356 | D:1      | Reached skill level 3 in Ranged Weapons
   357 | D:1      | Reached XP level 2. HP: 23/23 MP: 2/2
   647 | D:1      | Found a faded altar of an unknown god.
   648 | D:1      | 648 ||| UPGRADING to +3 leather armour.
   658 | D:1      | 658 ||| DROPPING +0 robe.
   838 | D:1      | 838 ||| DROPPING ring of magical power.
   839 | D:1      | 839 ||| READING scroll labelled VOIPSI WUIKUAB.
   840 | D:1      | 840 ||| DROPPING scroll of poison.
   941 | D:2      | Reached XP level 3. HP: 29/29 MP: 3/3
  1453 | D:2      | 1453 ||| READING scroll labelled ELIAC VOAWK.
  1453 | D:2      | Identified a scroll of acquirement
  1453 | D:2      | 1453 ||| ACQUIRING +0 cloak of poison resistance
  1453 | D:2      | Acquired a +0 cloak of poison resistance
  1455 | D:2      | 1455 ||| UPGRADING to +0 cloak of poison resistance.
  1485 | D:3      | Reached skill level 4 in Ranged Weapons
  1583 | D:3      | Noticed Terence
  1595 | D:3      | HP: 2/29 [Terence/+0 mace (9)]
  1595 | D:3      | Slain by Terence

Levels and vault maps discovered:
D:1:      minmay_arrival_pointy, layout_loops_corners, serial_shops, shop,
          shapermc_ecumenical_altar_notcrosses
D:2:      layout_basic, minmay_misc_feat_secret_circle, nicolae_titane
D:3:      layout_basic, chequers_serial_rivers_micro_a, serial_park_tiny_1,
          minmay_misc_feat_doors, uniq_terence

Skill      XL: |  1  2  3 |
---------------+----------+-----
Ranged Weapons | 3 4 |  4.0
Fighting       | 2 |  2.0
Dodging        | |  2.1
Spellcasting   | |  1.0
Hexes          | |  2.0

Action                     || total
---------------------------++-------
   Fire: Sling             ||   102
    Use: Scroll            ||     2
 Armour: Robe              ||     4
         Leather armour    ||    10
  Dodge: Dodged            ||    29

Table legend:
 A = Non-vault XP
 B = Vault XP
 C = Vault XP percentage of total XP
 D = Non-vault monster count
 E = Vault monster count
 F = Vault count percentage of total count
                 A         B        C        D         E       F
            +---------+---------+-------+---------+---------+-------
      Total |      63 |       0 |   0.0 |      33 |       0 |   0.0
            +---------+---------+-------+---------+---------+-------
        D:1 |      24 |       0 |   0.0 |      17 |       0 |   0.0
        D:2 |      31 |       0 |   0.0 |      12 |       0 |   0.0
        D:3 |       8 |       0 |   0.0 |       4 |       0 |   0.0
            +---------+---------+-------+---------+---------+-------
